 Dungeon Crawl Stone Soup version 0.23.2-33-g5129a83184 (webtiles) character file.

Game seed: 3890576508089109943

15340 Hylith the Cleaver (level 12, -7/110 HPs)
             Began as a Hill Orc Fighter on Aug 11, 2019.
             Was an Elder of Makhleb.
             Killed from afar by an ice statue (36 damage)
             ... with a bolt of cold
             ... in an ice cave.
             The game lasted 00:24:49 (13449 turns).

Hylith the Cleaver (Hill Orc Fighter)              Turns: 13449, Time: 00:24:50

Health: -7/110     AC: 20    Str: 24    XL:     12   Next: 26%
Magic:  0/14       EV:  7    Int:  8    God:    Makhleb [****..]
Gold:   403        SH: 12    Dex: 12    Spells: 11/11 levels left

rFire    . . .     SeeInvis .   E - +0 broad axe
rCold    . . .     Gourm    .   c - +0 shield
rNeg     . . .     Faith    .   G - +0 plate armour
rPois    .         Spirit   +   l - +1 hat
rElec    .         Reflect  .   J - +2 cloak {+Inv}
rCorr    .         Harm     .   (no gloves)
MR       .....                  H - +0 pair of boots {Stlth+}
Stlth    ..........             j - amulet of guardian spirit
HPRegen  0.28/turn              o - +2 ring of dexterity
MPRegen  0.14/turn              (no ring)

@: no status effects
A: no striking features
a: Minor Destruction, Lesser Servant of Makhleb, Major Destruction, Renounce
Religion, Evoke Invisibility


You were in an ice cave.
You worshipped Makhleb.
Makhleb was greatly pleased with you.
You were not hungry.

You visited 3 branches of the dungeon, and saw 13 of its levels.
You also visited: Ice Cave.

You collected 759 gold pieces.
You spent 356 gold pieces at shops.

Inventory:

Hand Weapons
 a - a +0 war axe
 E - a +0 broad axe (weapon)
 K - the +10 trident of Eternal Vigilance {holy, Int-4 Dex+6}
   (You found it in an ice cave)

   It has been blessed by the Shining One to cause great damage to the undead
   and demons.
   It affects your intelligence (-4).
   It affects your dexterity (+6).
Missiles
 k - 6 tomahawks (quivered)
Armour
 c - a +0 shield (worn)
 l - a +1 hat (worn)
 v - +0 fire dragon scales
 G - a +0 plate armour (worn)
 H - a +0 pair of boots of stealth (worn)
 J - a +2 cloak of invisibility (worn)
Jewellery
 j - an amulet of guardian spirit (around neck)
 o - a +2 ring of dexterity (left hand)
Wands
 r - a wand of flame (5)
 y - a wand of iceblast (3)
 z - a wand of random effects (35)
Scrolls
 b - a scroll of identify
 d - 4 scrolls of blinking
 e - 5 scrolls of teleportation
 g - 3 scrolls of amnesia
 m - 7 scrolls of remove curse
 n - a scroll of fog
 p - a scroll of fear
 t - 2 scrolls of immolation
 u - 4 scrolls of enchant armour
 x - 4 scrolls of enchant weapon
 I - a scroll of silence
 M - a scroll of holy word
Potions
 h - 7 potions of curing
 i - 2 potions of heal wounds
 q - 3 potions of brilliance
 s - a potion of ambrosia
 w - 2 potions of flight
 A - a potion of mutation
 B - 2 potions of agility
 C - 4 potions of degeneration
 D - a potion of haste
 F - a potion of lignification
 L - a potion of cancellation
Comestibles
 f - 9 rations


   Skills:
 + Level 11.2 Fighting
 + Level 14.1 Axes
 + Level 10.4 Armour
 + Level 2.2 Dodging
 - Level 0.1 Stealth
 + Level 10.4 Shields
 + Level 2.6 Evocations


You had 11 spell levels left.
You didn't know any spells.
Your spell library was empty.

Dungeon Overview and Level Annotations

Branches:
Dungeon (10/15)            Temple (1/1) D:4            Lair (2/6) D:8
  Snake (0/4) Lair:2          Orc (0/2) D:9
  Swamp: Lair:2-4    Shoals: Lair:2-4

Altars:
Ashenzari
Cheibriados
Dithmenos
Elyvilon
Fedhas
Gozag
Hepliaklqana
Kikubaaqudgha
Makhleb
Nemelex Xobeh
Okawaru
Qazlal
Ru
Sif Muna
Trog
Uskayaw
Vehumet
Wu Jian
Xom
Yredelemnul
Zin
The Shining One

Shops:
D:8 ?   D:9 %

Annotations:
IceCv exclusion: ice statue


Message History

You hit the ice statue but do no damage.
The ice statue is almost destroyed.
The ice statue gestures.
You completely miss the ice statue.
The ice statue is almost destroyed.
You hit the ice beast but do no damage. You block the ice beast's attack.
You hit the ice statue but do no damage.
The ice statue is almost destroyed.
You closely miss the ice beast.
The ice beast hits you but does no damage.
You hit the ice statue but do no damage.
The ice statue is almost destroyed.
You hit the ice beast but do no damage. x2; You block the ice beast's attack. x2
You hit the ice statue.
The ice statue is almost destroyed.
You slash the ice beast! x2
The ice beast hits you but does no damage.
The ice statue gestures at you. The bolt of cold hits you!!!
You die...

### ####.####
#.....^.#
#.##)##.#
#.#.[.#.#
#.#.⌠.#.#
##.#...#.##
####8.#####Y8####
#..........Y@...#
#'######'######'#
#.#.'..☼§...'.#
#.###.8...8.###
#.#.'.......'.#
#.###.8...8.###
#.#.'.......'.#
#.###.8...8.###
#.#.'.......'.#


You could see an ice statue and 2 ice beasts.

Vanquished Creatures
  Erica (D:8)
  A two-headed ogre (D:8)
  A deep elf mage (D:9)
  A necromancer (IceCv)
  A black mamba (Lair:1)
  3 ice statues (IceCv)
  2 rime drakes
  11 ice devils (IceCv)
  3 trolls
  Prince Ribbit (D:5)
  2 hippogriffs
  Sigmund (D:3)
  A wyvern (D:9)
  10 yaks
  A hungry ghost (D:5)
  Eustachio (D:5)
  A steam dragon (D:8)
  A naga (Lair:2)
  Menkaure (D:6)
  A water moccasin (Lair:1)
  A porcupine (Lair:2)
  5 orc warriors
  A hornet zombie (D:7)
  An ice beast (D:6)
  10 ogres
  2 sky beasts
  A phantom (D:9)
  4 centaurs
  A necrophage (D:6)
  3 big kobolds
  4 crocodiles
  Blork the orc (D:5)
  A gnoll sergeant (D:9)
  2 bullfrogs (D:6)
  A water moccasin zombie (D:9)
  2 scorpions (D:8)
  A wyvern skeleton (D:7)
  6 killer bees (D:8)
  5 howler monkeys
  4 wights (D:6)
  2 crimson imps
  A centaur zombie (D:9)
  2 bullfrog zombies (D:5)
  5 hounds
  A lava snake (D:8)
  A quasit (D:8)
  A draconian simulacrum (IceCv)
  A jelly (D:8)
  Crazy Yiuf (D:7)
  3 orc priests
  A centaur skeleton (D:5)
  2 iguanas
  4 orc wizards
  4 troll simulacra (IceCv)
  4 worker ants
  A spriggan simulacrum (IceCv)
  A killer bee zombie (D:5)
  A centaur simulacrum (IceCv)
  A hound zombie (D:8)
  A hound skeleton (D:5)
  11 gnolls
  An ogre simulacrum (IceCv)
  4 adders (D:2)
  2 naga simulacra (IceCv)
  3 shadow imps
  4 oozes
  An adder zombie (D:8)
  A worm (D:4)
  2 dart slugs
  4 leopard geckos
  28 orcs
  3 ball pythons
  7 bats
  3 giant cockroaches
  4 goblins
  11 hobgoblins
  29 jackals
  2 quokkas (D:3)
  6 frilled lizards
  11 kobolds
  A leopard gecko skeleton (D:4)
  A quokka skeleton (D:7)
  4 rats
282 creatures vanquished.

Vanquished Creatures (others)
  3 fungi
  3 plants
  4 toadstools (D:1)
10 creatures vanquished.

Grand Total: 292 creatures vanquished

Notes
Turn   | Place    | Note
-------+----------+-------------------------------------------
     0 | D:1      | Hylith the Hill Orc Fighter began the quest for the Orb.
     0 | D:1      | Reached XP level 1. HP: 19/19 MP: 1/1
    50 | D:1      | Reached XP level 2. HP: 20/27 MP: 2/2
    59 | D:1      | Reached skill level 3 in Axes
   230 | D:1      | Reached XP level 3. HP: 30/33 MP: 3/3
   569 | D:2      | Reached XP level 4. HP: 39/40 MP: 4/4
   671 | D:2      | Found a faded altar of an unknown god.
   709 | D:2      | Reached skill level 4 in Axes
  1379 | D:3      | Noticed Sigmund
  1397 | D:3      | Killed Sigmund
  1397 | D:3      | Reached skill level 5 in Axes
  1397 | D:3      | Reached XP level 5. HP: 39/47 MP: 2/5
  1397 | D:3      | Reached XP level 6. HP: 44/53 MP: 2/6
  1792 | D:4      | Found a staircase to the Ecumenical Temple.
  1836 | Temple   | Entered the Ecumenical Temple
  1937 | Temple   | Became a worshipper of Makhleb the Destroyer
  2192 | D:4      | HP: 1/53 [ogre/cursed +0 giant club (9)]
  2619 | D:4      | Reached skill level 5 in Fighting
  2619 | D:4      | Reached skill level 6 in Axes
  3173 | D:5      | Entered Level 5 of the Dungeon
  3173 | D:5      | Noticed Blork the orc
  3187 | D:5      | Killed Blork the orc
  3187 | D:5      | Reached XP level 7. HP: 48/61 MP: 5/7
  3235 | D:5      | Found a shimmering altar of Xom.
  3244 | D:5      | Reached skill level 5 in Shields
  3284 | D:5      | Reached skill level 5 in Armour
  3309 | D:5      | Noticed a hungry ghost
  3339 | D:5      | Killed a hungry ghost
  3339 | D:5      | Reached skill level 7 in Axes
  3518 | D:5      | Reached XP level 8. HP: 42/70 MP: 5/8
  3541 | D:5      | Noticed Eustachio
  3590 | D:5      | Killed Eustachio
  3590 | D:5      | Reached skill level 8 in Axes
  3705 | D:5      | Noticed Prince Ribbit
  3720 | D:5      | Killed Prince Ribbit
  4181 | D:6      | Reached * piety under Makhleb
  4204 | D:6      | Reached skill level 9 in Axes
  4227 | D:6      | Noticed a hippogriff
  4244 | D:6      | Killed a hippogriff
  4244 | D:6      | Reached XP level 9. HP: 65/78 MP: 7/9
  4255 | D:6      | Noticed Menkaure
  4764 | D:6      | Reached skill level 10 in Axes
  4812 | D:6      | Found an iron altar of Okawaru.
  4976 | D:6      | Killed Menkaure
  5439 | D:6      | Reached ** piety under Makhleb
  6108 | D:7      | Reached skill level 11 in Axes
  6315 | D:7      | Found a runed translucent door.
  6316 | D:7      | Noticed Crazy Yiuf
  6363 | D:7      | Killed Crazy Yiuf
  6581 | D:8      | Found Waopt's Magic Scroll Boutique.
  6593 | D:8      | Bought a scroll of identify for 26 gold pieces
  6593 | D:8      | Bought a scroll of teleportation for 39 gold pieces
  6593 | D:8      | Bought a scroll of blinking for 97 gold pieces
  6593 | D:8      | Bought a scroll of enchant weapon for 97 gold pieces
  6593 | D:8      | Bought a scroll of enchant armour for 97 gold pieces
  6614 | D:8      | Found a staircase to the Lair.
  6797 | D:8      | Reached XP level 10. HP: 54/88 MP: 5/10
  6941 | D:8      | Noticed Erica
  7194 | D:8      | Noticed a two-headed ogre
  7208 | D:8      | Killed a two-headed ogre
  7208 | D:8      | Reached skill level 12 in Axes
  7623 | D:8      | Killed Erica
  7863 | D:9      | Found a staircase to the Orcish Mines.
  8357 | D:9      | Reached *** piety under Makhleb
  8361 | D:9      | Reached XP level 11. HP: 74/97 MP: 7/11
  8638 | D:9      | Reached skill level 13 in Axes
  8786 | D:9      | Reached skill level 10 in Fighting
  8881 | D:9      | Noticed a deep elf mage
  8908 | D:9      | Killed a deep elf mage
  8943 | D:9      | Found Inly's Food Emporium.
  9481 | D:10     | Entered Level 10 of the Dungeon
 10321 | Lair:1   | Entered Level 1 of the Lair of Beasts
 10326 | Lair:1   | You fall through a shaft!
 10442 | Lair:1   | Reached **** piety under Makhleb
 10548 | Lair:2   | Found a frozen archway.
 10557 | Lair:2   | Reached skill level 10 in Armour
 10557 | Lair:2   | Reached skill level 10 in Shields
 10564 | IceCv    | Entered an ice cave
 11043 | IceCv    | Reached skill level 1 in Dodging
 11043 | IceCv    | Reached skill level 1 in Evocations
 12245 | IceCv    | Reached XP level 12. HP: 101/110 MP: 10/13
 12744 | IceCv    | Reached skill level 14 in Axes
 13239 | IceCv    | Got a jewelled trident
 13240 | IceCv    | Identified the +10 trident of Eternal Vigilance {holy,
                  | Int-4 Dex+6} (You found it in an ice cave)
 13449 | IceCv    | Killed from afar by an ice statue

Skill      XL: |  1  2  3  4  5  6  7  8  9 10 11 12 |
---------------+-------------------------------------+-----
Axes           | 3 5 6 7 9 11 12 13 14 | 14.1
Fighting       | 4 5 6 8 9 11 | 11.2
Shields        | 4 5 6 7 8 10 | 10.4
Armour         | 4 5 6 7 8 10 | 10.4
Dodging        | 1 2 |  2.2
Evocations     | 1 2 |  2.6
Stealth        | |  0.1

Action                   |  1- 3 |  4- 6 |  7- 9 | 10-12 || total
-------------------------+-------+-------+-------+-------++-------
Melee: War axe           |    80 |   156 |   165 |       ||   401
       Broad axe         |       |       |   189 |   669 ||   858
Throw: Tomahawk          |       |       |     5 |       ||     5
Evoke: Wand              |       |       |     5 |    12 ||    17
  Use: Potion            |       |     2 |       |     2 ||     4
       Scroll            |       |       |     7 |    15 ||    22
  Eat: Chunk             |       |     7 |    11 |    12 ||    30
       Ration            |       |       |     2 |     3 ||     5
Armor: Scale mail        |    40 |    41 |       |       ||    81
       Fire dragon scale |       |    20 |   158 |    79 ||   257
       Plate armour      |       |       |       |   192 ||   192
Dodge: Dodged            |    27 |    44 |    97 |   149 ||   317
Block: Shield            |    45 |    81 |   201 |   333 ||   660
